| TOP OF THE 1ST |
|
Greensboro Hornets batting - Pitching for Kinston Eagles : RHP Brian Slagle
|
|
Pitching: RHP Brian Slagle
|
|
|
Batting: RHB Armando Moreno
|
0-0: Ball 1-0: Swinging Strike 1-1: Ball 2-1: Ground out 6-3 (Groundball, 6M, EV 91.3 MPH)
|
|
Batting: SHB Valentino Primante
|
0-0: Ball 1-0: Swinging Strike 1-1: Ball 2-1: Foul Ball, location: 2F 2-2: Ball 3-2: Fly out, F4 (Flyball, 34D, EV 74.4 MPH)
|
|
Batting: LHB Preston Cash
|
0-0: Ball 1-0: Foul Ball, location: 2F 1-1: Ball 2-1: Ball 3-1: Base on Balls
|
|
Batting: RHB Greg Jelks
|
0-0: Ball 1-0: 2-RUN HOME RUN (Flyball, 7D, EV 93.1 MPH), Distance : 382 ft
|
|
Batting: LHB Fernando Vazquez
|
0-0: Called Strike 0-1: Ball 1-1: Called Strike 1-2: Ground out U3 (Groundball, 3S, EV 81.9 MPH)
|
| Top of the 1st over - 2 runs, 1 hit, 0 errors, 0 left on base; Greensboro 2 - Kinston 0 |
| BOTTOM OF THE 1ST |
|
Kinston Eagles batting - Pitching for Greensboro Hornets : RHP Jesus Silva
|
|
Pitching: RHP Jesus Silva
|
|
|
Batting: SHB Ted Wilborn
|
0-0: Ball 1-0: Ball 2-0: Foul Ball, location: 2F 2-1: Foul Ball, location: 2F 2-2: Ball 3-2: Base on Balls
|
|
Batting: RHB Butch Davis
|
0-0: Swinging Strike 0-1: Ball 1-1: Ball 2-1: DOUBLE (Line Drive, 3D, EV 96.3 MPH) Ted Wilborn to third
|
|
Batting: LHB Eric Peyton
|
0-0: Called Strike 0-1: Ground out 6-3 (Groundball, 6, EV 78.1 MPH) Ted Wilborn scores Butch Davis to third
|
|
Batting: RHB Carlos Ponce
|
0-0: Foul Ball, location: 2F 0-1: Ball 1-1: DOUBLE (Line Drive, 89M, EV 100.6 MPH) Butch Davis scores
|
|
Batting: RHB Tony Incaviglia
|
0-0: Ball 1-0: Ball 2-0: Swinging Strike 2-1: Ball 3-1: Base on Balls
|
|
Batting: RHB Alfredo Aceves
|
0-0: Foul Ball, location: 2F 0-1: Ball 1-1: Swinging Strike 1-2: SINGLE (Line Drive, 7LS, EV 106.9 MPH) Carlos Ponce to third Tony Incaviglia to second Runner from 3rd tries for Home, SAFE, throw by LF to home
|
|
Batting: RHB Francisco Guerra
|
0-0: Called Strike 0-1: Foul Ball, location: 2F 0-2: Fielders Choice at 2nd, 4-6 (Groundball, 4, EV 96.3 MPH) Tony Incaviglia to third
|
|
Batting: RHB Guadalupe Garcia
|
0-0: Ball 1-0: Ball 2-0: Fielders Choice at 2nd, U4 (Groundball, 4M, EV 86.9 MPH)
|
| Bottom of the 1st over - 3 runs, 3 hits, 0 errors, 2 left on base; Greensboro 2 - Kinston 3 |
| TOP OF THE 2ND |
|
Greensboro Hornets batting - Pitching for Kinston Eagles : RHP Brian Slagle
|
|
Batting: RHB Bernardo Brito
|
0-0: Foul Ball, location: 2F 0-1: Ball 1-1: Foul Ball, location: 2F 1-2: Ball 2-2: Strikes out swinging
|
|
Batting: LHB Ozzie Guillen
|
0-0: SINGLE (Line Drive, 78S, EV 89.4 MPH)
|
|
Batting: LHB Francisco Melendez
|
0-0: Ball 1-0: Ball 2-0: Foul Ball, location: 2F 2-1: Ball 3-1: Foul Ball, location: 2F 3-2: SINGLE (Flyball, 5D, EV 91.9 MPH) Ozzie Guillen to second Ozzie Guillen to third
|
|
Batting: LHB John Hughes
|
0-0: Ball Francisco Melendez steals 2nd base 1-0: Swinging Strike 1-1: Fly out, F7 (Flyball, 7S, EV 92.5 MPH)
|
|
Batting: RHB Armando Moreno
|
0-0: Ball 1-0: Ball 2-0: Fly out, F9 (Flyball, 89D, EV 96.9 MPH)
|
| Top of the 2nd over - 0 runs, 2 hits, 0 errors, 2 left on base; Greensboro 2 - Kinston 3 |
| BOTTOM OF THE 2ND |
|
Kinston Eagles batting - Pitching for Greensboro Hornets : RHP Jesus Silva
|
|
Batting: LHB Randall Curtis
|
0-0: Ball 1-0: Called Strike 1-1: Ball 2-1: Fly out, F9 (Flyball, 9S, EV 80.6 MPH)
|
|
Batting: SHB Ted Wilborn
|
0-0: Ball 1-0: Foul Ball, location: 2F 1-1: Foul Ball, location: 2F 1-2: Foul Ball, location: 2F 1-2: Fly out, F4 (Line Drive, 4, EV 75.0 MPH)
|
|
Batting: RHB Butch Davis
|
0-0: Ball 1-0: Ball 2-0: Ball 3-0: Swinging Strike 3-1: Base on Balls
|
|
Batting: LHB Eric Peyton
|
0-0: Ball Butch Davis is caught stealing 2nd base 2-6
|
| Bottom of the 2nd over - 0 runs, 0 hits, 0 errors, 0 left on base; Greensboro 2 - Kinston 3 |
| TOP OF THE 3RD |
|
Greensboro Hornets batting - Pitching for Kinston Eagles : RHP Brian Slagle
|
|
Batting: SHB Valentino Primante
|
0-0: Called Strike 0-1: Foul Ball, location: 2F 0-2: Ball 1-2: Ball 2-2: Ball 3-2: Strikes out swinging
|
|
Batting: LHB Preston Cash
|
0-0: Ball 1-0: Ball 2-0: Ball 3-0: Base on Balls
|
|
Batting: RHB Greg Jelks
|
0-0: Ball 1-0: Ball Preston Cash is caught stealing 2nd base 2-4 2-0: Called Strike 2-1: Called Strike 2-2: Strikes out swinging
|
| Top of the 3rd over - 0 runs, 0 hits, 0 errors, 0 left on base; Greensboro 2 - Kinston 3 |
| BOTTOM OF THE 3RD |
|
Kinston Eagles batting - Pitching for Greensboro Hornets : RHP Jesus Silva
|
|
Batting: LHB Eric Peyton
|
0-0: Called Strike 0-1: Ball 1-1: Ball 2-1: Ground out U3 (Groundball, 34, EV 98.1 MPH)
|
|
Batting: RHB Carlos Ponce
|
0-0: Ball 1-0: Ball 2-0: Called Strike 2-1: Fly out, F8 (Flyball, 78D, EV 86.3 MPH)
|
|
Batting: RHB Tony Incaviglia
|
0-0: Ball 1-0: Swinging Strike 1-1: Called Strike 1-2: Strikes out swinging
|
| Bottom of the 3rd over - 0 runs, 0 hits, 0 errors, 0 left on base; Greensboro 2 - Kinston 3 |
| TOP OF THE 4TH |
|
Greensboro Hornets batting - Pitching for Kinston Eagles : RHP Brian Slagle
|
|
Batting: LHB Fernando Vazquez
|
0-0: Called Strike 0-1: Ball 1-1: Ball 2-1: Swinging Strike 2-2: Strikes out looking
|
|
Batting: RHB Bernardo Brito
|
0-0: Called Strike 0-1: DOUBLE (Line Drive, 7LM, EV 103.1 MPH)
|
|
Batting: LHB Ozzie Guillen
|
0-0: DOUBLE (Line Drive, 9LS, EV 91.9 MPH) Bernardo Brito scores
|
|
Batting: LHB Francisco Melendez
|
0-0: Called Strike 0-1: Ball 1-1: Foul Ball, location: 2F 1-2: Ball 2-2: Strikes out swinging
|
|
Batting: LHB John Hughes
|
0-0: Ball 1-0: Ball 2-0: Called Strike 2-1: Foul Ball, location: 2F 2-2: Foul Ball, location: 2F 2-2: Fly out, F7 (Flyball, 78S, EV 76.3 MPH)
|
| Top of the 4th over - 1 run, 2 hits, 0 errors, 1 left on base; Greensboro 3 - Kinston 3 |
| BOTTOM OF THE 4TH |
|
Kinston Eagles batting - Pitching for Greensboro Hornets : RHP Jesus Silva
|
|
Batting: RHB Alfredo Aceves
|
0-0: Single, Error in OF, E7, batter to second base (Groundball, 5D, EV 97.5 MPH)
|
|
Batting: RHB Francisco Guerra
|
0-0: Foul Ball, location: 2F 0-1: Ball 1-1: Ball 2-1: Called Strike 2-2: Reached on error, E5 (Groundball, 56S, EV 68.8 MPH) Alfredo Aceves scores
|
|
Batting: RHB Guadalupe Garcia
|
0-0: Ball 1-0: Called Strike 1-1: Called Strike 1-2: Strikes out swinging
|
|
Batting: LHB Randall Curtis
|
0-0: Ball 1-0: Called Strike 1-1: Ball 2-1: Ball 3-1: Called Strike 3-2: SINGLE (Groundball, 4D, EV 101.9 MPH) Francisco Guerra to third Runner from 3rd tries for Home, SAFE, throw by RF to home
|
|
Batting: SHB Ted Wilborn
|
0-0: Called Strike 0-1: Foul Ball, location: 2F 0-2: Ball 1-2: Strikes out swinging
|
|
Batting: RHB Butch Davis
|
0-0: Swinging Strike 0-1: Ball 1-1: Ball 2-1: Ball 3-1: Base on Balls Randall Curtis to second
|
|
Batting: LHB Eric Peyton
|
0-0: SINGLE (Groundball, 34D, EV 95.0 MPH) Randall Curtis to third Butch Davis to second Runner from 3rd tries for Home, SAFE, throw by RF to home
|
|
Batting: RHB Carlos Ponce
|
0-0: Ball 1-0: Ball Wild Pitch! Butch Davis to third Eric Peyton to second 2-0: Fly out, F9 (Line Drive, 9D, EV 98.8 MPH)
|
| Bottom of the 4th over - 3 runs, 3 hits, 2 errors, 2 left on base; Greensboro 3 - Kinston 6 |
| TOP OF THE 5TH |
|
Greensboro Hornets batting - Pitching for Kinston Eagles : RHP Brian Slagle
|
|
Batting: RHB Armando Moreno
|
0-0: Called Strike 0-1: Swinging Strike 0-2: Ball 1-2: Foul Ball, location: 2F 1-2: Ball 2-2: Ball 3-2: Strikes out swinging
|
|
Batting: SHB Valentino Primante
|
0-0: Foul Ball, location: 2F 0-1: Swinging Strike 0-2: Foul Ball, location: 2F 0-2: Foul Ball, location: 2F 0-2: Ball 1-2: Ball 2-2: Foul Ball, location: 2F 2-2: Ball 3-2: Fly out, F7 (Line Drive, 7, EV 96.9 MPH)
|
|
Batting: LHB Preston Cash
|
0-0: Ball 1-0: Called Strike 1-1: Swinging Strike 1-2: Strikes out looking
|
| Top of the 5th over - 0 runs, 0 hits, 0 errors, 0 left on base; Greensboro 3 - Kinston 6 |
| BOTTOM OF THE 5TH |
|
Kinston Eagles batting - Pitching for Greensboro Hornets : RHP Jesus Silva
|
|
Batting: RHB Tony Incaviglia
|
0-0: Swinging Strike 0-1: Ball 1-1: Called Strike 1-2: Strikes out looking
|
|
Batting: RHB Alfredo Aceves
|
0-0: Ball 1-0: Ball 2-0: Called Strike 2-1: Ball 3-1: Foul Ball, location: 2F 3-2: Hit by Pitch
|
|
Batting: RHB Francisco Guerra
|
0-0: Ball 1-0: Foul Ball, location: 2F 1-1: Foul Ball, location: 2F 1-2: Strikes out swinging
|
|
Batting: RHB Guadalupe Garcia
|
0-0: Ball 1-0: Ball 2-0: Ball 3-0: Base on Balls Alfredo Aceves to second
|
|
Batting: LHB Randall Curtis
|
0-0: Ball 1-0: Called Strike 1-1: Ball 2-1: Foul Ball, location: 2F 2-2: Fielders Choice at 2nd, 6-4 (Groundball, 6, EV 92.5 MPH)
|
| Bottom of the 5th over - 0 runs, 0 hits, 0 errors, 2 left on base; Greensboro 3 - Kinston 6 |
| TOP OF THE 6TH |
|
Greensboro Hornets batting - Pitching for Kinston Eagles : RHP Brian Slagle
|
|
Batting: RHB Greg Jelks
|
0-0: Ball 1-0: Ground out 6-3 (Groundball, 6, EV 83.8 MPH)
|
|
Batting: LHB Fernando Vazquez
|
0-0: Foul Ball, location: 2F 0-1: Swinging Strike 0-2: Ball 1-2: Strikes out swinging
|
|
Batting: RHB Bernardo Brito
|
0-0: Foul Ball, location: 2F 0-1: Ball 1-1: Foul Ball, location: 2F 1-2: Strikes out looking
|
| Top of the 6th over - 0 runs, 0 hits, 0 errors, 0 left on base; Greensboro 3 - Kinston 6 |
| BOTTOM OF THE 6TH |
|
Kinston Eagles batting - Pitching for Greensboro Hornets : RHP Jesus Silva
|
|
Pitching: LHP Kelly Becker
|
|
|
Batting: SHB Ted Wilborn
|
0-0: DOUBLE (Line Drive, 7LM, EV 111.9 MPH)
|
|
Batting: RHB Butch Davis
|
0-0: Ball 1-0: Ball 2-0: SINGLE (Line Drive, 56D, EV 100.0 MPH) Ted Wilborn to third Runner from 3rd tries for Home, SAFE, throw by LF to home
|
|
Batting: LHB Eric Peyton
|
0-0: Swinging Strike 0-1: Called Strike 0-2: SINGLE (Groundball, 6M, EV 85.6 MPH) (infield hit) Butch Davis to second
|
|
Batting: RHB Carlos Ponce
|
0-0: DOUBLE (Flyball, 8RXD, EV 94.4 MPH) Butch Davis scores Eric Peyton to third Runner from 3rd tries for Home, SAFE, throw by CF to home
|
|
Pitching: RHP Jeff Blobaum
|
|
|
Batting: RHB Tony Incaviglia
|
0-0: Ball 1-0: Foul Ball, location: 2F 1-1: Called Strike 1-2: Ball 2-2: Ball 3-2: Fly out, F3 (Popup, 3SF, EV 63.1 MPH)
|
|
Batting: RHB Alfredo Aceves
|
0-0: Foul Ball, location: 2F 0-1: Ball 1-1: Ball 2-1: Ball 3-1: Fly out, F4 (Flyball, 34D, EV 89.4 MPH)
|
|
Batting: RHB Francisco Guerra
|
0-0: Ball 1-0: SINGLE (Flyball, 4D, EV 83.1 MPH) Carlos Ponce to third Runner from 3rd tries for Home, SAFE, throw by CF to home
|
|
Batting: RHB Guadalupe Garcia
|
0-0: Foul Ball, location: 2F 0-1: SINGLE (Groundball, 56D, EV 96.9 MPH) Francisco Guerra to second
|
|
Batting: LHB Randall Curtis
|
0-0: Fly out, F7 (Flyball, 7LD, EV 100.6 MPH)
|
| Bottom of the 6th over - 4 runs, 6 hits, 0 errors, 2 left on base; Greensboro 3 - Kinston 10 |
| TOP OF THE 7TH |
|
Greensboro Hornets batting - Pitching for Kinston Eagles : RHP Brian Slagle
|
|
Batting: LHB Ozzie Guillen
|
0-0: Ball 1-0: Foul Ball, location: 2F 1-1: Swinging Strike 1-2: SINGLE (Groundball, 6S, EV 61.3 MPH) (infield hit)
|
|
Batting: LHB Francisco Melendez
|
0-0: Called Strike 0-1: Ball 1-1: Ball 2-1: Swinging Strike 2-2: Ball 3-2: Grounds into double play, 4-6-3 (Groundball, 4, EV 84.4 MPH)
|
|
Batting: LHB John Hughes
|
0-0: Ball 1-0: Ball 2-0: Foul Ball, location: 2F 2-1: Ball 3-1: Fly out, F8 (Line Drive, 8RD, EV 96.3 MPH)
|
| Top of the 7th over - 0 runs, 1 hit, 0 errors, 0 left on base; Greensboro 3 - Kinston 10 |
| BOTTOM OF THE 7TH |
|
Kinston Eagles batting - Pitching for Greensboro Hornets : RHP Jeff Blobaum
|
|
Pinch Hitting: RHB Jose Valdez
|
0-0: Swinging Strike 0-1: Ball 1-1: Ball 2-1: Ball 3-1: Swinging Strike 3-2: Strikes out swinging
|
|
Batting: RHB Butch Davis
|
0-0: Ball 1-0: Foul Ball, location: 2F 1-1: Ball 2-1: Foul Ball, location: 2F 2-2: Strikes out swinging, 2-3 out at first.
|
|
Batting: LHB Eric Peyton
|
0-0: Ball 1-0: Called Strike 1-1: DOUBLE (Groundball, 3L, EV 100.0 MPH)
|
|
Batting: RHB Carlos Ponce
|
0-0: Fly out, F8 (Flyball, 8LS, EV 76.3 MPH)
|
| Bottom of the 7th over - 0 runs, 1 hit, 0 errors, 1 left on base; Greensboro 3 - Kinston 10 |
| TOP OF THE 8TH |
|
Greensboro Hornets batting - Pitching for Kinston Eagles : RHP Brian Slagle
|
|
Now in CF: Jose Valdez
|
|
|
Batting: RHB Armando Moreno
|
0-0: Ball 1-0: Foul Ball, location: 2F 1-1: Ball 2-1: Foul Ball, location: 2F 2-2: Strikes out looking
|
|
Batting: SHB Valentino Primante
|
0-0: Called Strike 0-1: Foul Ball, location: 2F 0-2: Ball 1-2: Foul Ball, location: 2F 1-2: Ground out 3-1 (Groundball, 23, EV 76.9 MPH)
|
|
Batting: LHB Preston Cash
|
0-0: Called Strike 0-1: Foul Ball, location: 2F 0-2: Strikes out swinging
|
| Top of the 8th over - 0 runs, 0 hits, 0 errors, 0 left on base; Greensboro 3 - Kinston 10 |
| BOTTOM OF THE 8TH |
|
Kinston Eagles batting - Pitching for Greensboro Hornets : RHP Jeff Blobaum
|
|
Batting: RHB Tony Incaviglia
|
0-0: Called Strike 0-1: Foul Ball, location: 2F 0-2: Foul Ball, location: 2F 0-2: Foul Ball, location: 2F 0-2: Ball 1-2: Ball 2-2: Ball 3-2: Base on Balls
|
|
Batting: RHB Alfredo Aceves
|
0-0: Swinging Strike 0-1: Ball 1-1: Ball 2-1: Foul Ball, location: 2F 2-2: Grounds into double play, 6-4-3 (Groundball, 6, EV 94.4 MPH)
|
|
Batting: RHB Francisco Guerra
|
0-0: Foul Ball, location: 2F 0-1: Ball 1-1: Foul Ball, location: 2F 1-2: Ball 2-2: Ball 3-2: Foul Ball, location: 2F 3-2: Foul Ball, location: 2F 3-2: SINGLE (Flyball, 4MD, EV 91.3 MPH) - OUT at second base trying to stretch hit.
|
| Bottom of the 8th over - 0 runs, 1 hit, 0 errors, 0 left on base; Greensboro 3 - Kinston 10 |
| TOP OF THE 9TH |
|
Greensboro Hornets batting - Pitching for Kinston Eagles : RHP Brian Slagle
|
|
Batting: RHB Greg Jelks
|
0-0: Ball 1-0: Called Strike 1-1: Swinging Strike 1-2: Ball 2-2: TRIPLE (Flyball, 78XD, EV 103.1 MPH)
|
|
Pitching: RHP Reno Aragon
|
|
|
Batting: LHB Fernando Vazquez
|
0-0: Called Strike 0-1: Ground out 6-3 (Groundball, 4M, EV 108.1 MPH) Greg Jelks scores
|
|
Batting: RHB Bernardo Brito
|
0-0: Ball 1-0: Foul Ball, location: 2F 1-1: Foul Ball, location: 2F 1-2: Foul Ball, location: 2F 1-2: Ball 2-2: Ball 3-2: Strikes out looking
|
|
Batting: LHB Ozzie Guillen
|
0-0: Fly out, F7 (Flyball, 7, EV 87.5 MPH)
|
| Top of the 9th over - 1 run, 1 hit, 0 errors, 0 left on base; Greensboro 4 - Kinston 10 |
|